cohdb
Replays
Latest Replays
All Replays
Popular Replays
Top Player Replays
Match Explorer
How It Works
Community
CoH3 Stats
Reddit
Sign in to upload your games and track your stats! →
Sign in with Steam
Match 41872328
Unlisted
Match 41872328
Overview
Messages
Build Orders
End
Construct Weapon Support Center
M1919 Machine Gun Team
Selects Heavy Weapons
Sniper
Bazooka Squad
Engineer Squad
Bazooka Squad
Mechanized Support Center
Improved M9 Bazooka Rockets
Sniper
Selects Assault Carriers
Selects Exchangeable Parts
.30 cal Machine Gun
M1919 Machine Gun Team
Salvage Crew
Construct Tank Depot
Bazooka Squad
Bazooka Squad
Designate Forward Repair Station
M4A1 Sherman Medium Tank
Improvised Armor
Tebby
Sgannarel
FOX
=BiA=Templaar
[HAN]Diederick Kastner
RN42
古明地•恋
Spacejelly
0
0
Comments
sign in to comment!
No comments posted yet!